 Dungeon Crawl Stone Soup version 0.27-a0-262-gc50aac273e (webtiles) character file.

Game seed: 12906770425576930933

493 Borgoz the Skirmisher (level 7, -1/60 HPs)
             Began as a Ghoul Gladiator on Feb 5, 2021.
             Slain by Dowan
             ... wielding a +5 dagger of protection
              (2 damage)
             ... on level 5 of the Dungeon.
             The game lasted 00:04:09 (4586 turns).

Borgoz the Skirmisher (Ghoul Gladiator)             Turns: 4586, Time: 00:04:10

Health: -1/60      AC:  6    Str: 18    XL:     7   Next: 15%
Magic:  6/6        EV: 13    Int:  3    God:
Gold:   170        SH:  0    Dex: 12    Spells: 6/6 levels left

rFire    . . .     SeeInvis .   b - +2 dagger (venom)
rCold    + + +     Faith    .   (no shield)
rNeg     + + +     Spirit   .   k - +0 leather armour
rPois    ∞         Reflect  .   c - +0 helmet
rElec    .         Harm     .   (no cloak)
rCorr    .         Rampage  .   l - +1 pair of gloves
Will     .....                  (no boots)
Stlth    +.........             (no amulet)
HPRegen  0.00/turn              e - ring of protection from cold
MPRegen  0.10/turn              m - ring of protection from cold

@: mighty
A: claws 1, cold resistance 1, negative energy resistance 3, inhibited
regeneration, torment resistance, unbreathing
a: no special abilities


You were on level 5 of the Dungeon.
You visited 1 branch of the dungeon, and saw 5 of its levels.

You collected 170 gold pieces.

Inventory:

Hand Weapons
 a - a +0 long sword
 b - a +2 dagger of venom (weapon)
Missiles
 d - 2 throwing nets (quivered)
Armour
 c - a +0 helmet (worn)
 k - a +0 leather armour (worn)
 l - a +1 pair of gloves (worn)
Jewellery
 e - a ring of protection from cold (left hand)
 m - a ring of protection from cold (right hand)
Scrolls
 f - 3 scrolls of immolation {unknown}
 g - 3 scrolls of identify {unknown}
 h - 2 scrolls of magic mapping {unknown}
 i - 3 scrolls of remove curse {unknown}
 r - 2 scrolls of teleportation {unknown}
 s - 3 scrolls of enchant armour {unknown}
 t - a scroll of blinking {unknown}
Potions
 j - 2 potions of lignification {unknown}
 n - 2 potions of attraction {unknown}
 o - a potion of degeneration {unknown}
 p - a potion of might
 q - a potion of magic
 u - a potion of brilliance {unknown}


   Skills:
 + Level 4.5 Fighting
 + Level 4.2 Long Blades
 - Level 1.7 Throwing
 + Level 3.0 Armour
 + Level 4.2 Dodging


You had 6 spell levels left.
You didn't know any spells.
Your spell library was empty.

Dungeon Overview and Level Annotations

Branches:
Dungeon (5/15)
 Temple: D:4-7

Altars:
Gozag
Vehumet

Annotations:
D:3 2 transporters
D:5 Dowan


Innate Abilities, Weirdness & Mutations

You thrive by killing the living.
You are immune to poison.
You have sharp fingernails.
Your flesh is cold resistant. (rC+)
You are immune to negative energy. (rN+++)
You do not regenerate when monsters are visible.
You are immune to unholy pain and torment.
You can survive without breathing.


Message History

You kill Duvessa!
Dowan's eyes darken. "You have made a black mistake."
Dowan seems to find hidden reserves of power!
Your Armour skill increases to level 3!
You have reached level 7!
Dowan shakes with grief.
Dowan points at you and mumbles some strange words.
The stone arrow hits you!
* * * LOW HITPOINT WARNING * * *
It was a potion of magic.
Magic courses through your body.
It was a potion of might.
You feel very mighty all of a sudden. Dowan barely misses you.
You puncture Dowan!
Dowan is heavily wounded.
Dowan hits you but does no damage.
You hit Dowan.
Dowan looks even sicker.
Dowan is severely wounded.
Dowan hits you with a +5 dagger of protection.
You die...

.. #.# ...## #.# #....
#.# #..#.##.# #.#
#.......# #.#
.#.##.#..###### #.#
.#.....<......# #.#
##..#.#.#####.##########
# # #@# #...........
#.#e# #...........
#####.#.# #...........
.......)# ############
#####...# #
#......$......# #
+.##.###.....<# # #.
......# # . .###### #


You could see Dowan (fast, very poisoned).

Vanquished Creatures
  Duvessa (D:5)
  An ogre (D:4)
  An iguana (D:4)
  A worker ant (D:4)
  A hound skeleton (D:4)
  7 gnolls
  10 adders
  An ooze (D:1)
  A worm (D:3)
  2 dart slugs (D:1)
  A leopard gecko (D:1)
  4 orcs (D:4)
  6 bats
  3 giant cockroaches
  8 goblins
  5 hobgoblins
  2 jackals (D:1)
  2 quokkas
  A ball python (D:4)
  6 frilled lizards
  7 kobolds
  A quokka skeleton (D:4)
  6 rats
78 creatures vanquished.

Notes
Turn   | Place    | Note
-------+----------+-------------------------------------------
     0 | D:1      | Borgoz the Ghoul Gladiator began the quest for the Orb.
     0 | D:1      | Reached XP level 1. HP: 17/17 MP: 0/0
    47 | D:1      | Reached XP level 2. HP: 23/25 MP: 1/1
   594 | D:1      | Reached XP level 3. HP: 28/30 MP: 2/2
   668 | D:1      | Reached skill level 1 in Armour
   990 | D:1      | You fall into a shaft and drop 1 floor!
  1141 | D:2      | Found an opulent altar of Gozag.
  1432 | D:2      | Reached XP level 4. HP: 38/38 MP: 3/3
  1540 | D:1      | HP: 1/38 [gnoll/+0 halberd (7)]
  1826 | D:2      | Reached XP level 5. HP: 32/45 MP: 4/4
  2053 | D:2      | Found a faded altar of an unknown god.
  2569 | D:3      | Found a radiant altar of Vehumet.
  2694 | D:3      | Found a transporter.
  2697 | D:3      | Found a transporter.
  2737 | D:3      | Noticed a kobold demonologist
  3347 | D:4      | Reached XP level 6. HP: 38/52 MP: 5/5
  4465 | D:5      | Entered Level 5 of the Dungeon
  4564 | D:5      | Noticed Duvessa
  4564 | D:5      | Noticed Dowan
  4581 | D:5      | Killed Duvessa
  4582 | D:5      | Reached XP level 7. HP: 13/60 MP: 6/6
  4582 | D:5      | HP: 1/60 [Dowan/stone arrow (12)]
  4586 | D:5      | Slain by Dowan

Illustrated notes

Levels and vault maps discovered:
D:1:      dpeg_arrival_round_b, layout_loops_cross, minmay_heptomino_o4
D:2:      layout_basic, old_standard_altar,
          chequers_ecumenical_altar_simple_redux, amcnicky_mini_pool_small
D:3:      gammafunk_wand_slinger, layout_loops_ring, vehumet_crystals
D:4:      layout_gridville
D:5:      layout_loops_ring, nicolae_dithmenos_through_a_glass_darkly,
          cheibrodos_worm_habitat, serial_co_window_serial, co_window_cross_1,
          co_window_paths_a, co_window_paths_a, co_window_paths_b,
          co_window_corner_a, co_window_of_opportunity_a, co_window_corner_a,
          co_window_paths_a, co_window_paths_a, co_window_broadway_b,
          co_window_broadway_c, co_window_of_opportunity_b,
          co_window_broadway_b, glass_columns_b, glass_columns_a,
          glass_columns_a, glass_columns_b, glass_columns_a, serial_shops,
          nicolae_shop_window_shopping, uniq_duvessa

Skill      XL: |  1  2  3  4  5  6 |
---------------+-------------------+-----
Long Blades    | 3 4 |  4.2
Dodging        | 3 4 |  4.2
Armour         | 1 2 3 |  3.0
Fighting       | 3 4 |  4.5
Throwing       | |  1.7

Action                   |  1- 3 |  4- 6 |  7- 9 || total
-------------------------+-------+-------+-------++-------
Melee: Long sword        |    91 |    39 |       ||   130
       Dagger            |       |   137 |     2 ||   139
Throw: Throwing net      |       |     4 |       ||     4
  Use: Potion            |       |       |     2 ||     2
 Stab: Held in net/web   |       |     1 |       ||     1
Armor: Leather armour    |    36 |    33 |     1 ||    70
Dodge: Dodged            |    56 |   115 |     1 ||   172
       Rpst.: Long sword |    23 |    14 |       ||    37

Table legend: (Time is in decaauts)
 A = Elapsed time spent in this place.
 B = Non-inter-level travel time spent in this place.
 C = Inter-level travel time spent in this place.
 D = Time resting spent in this place.
 E = Time spent auto-exploring this place.
 F = Levels seen in this place.
 G = Mean time per level.
                   A        B        C        D        E       F      G
               +--------+--------+--------+--------+--------+-----+--------+
         Total |   4601 |   4461 |    140 |   1054 |   2812 |   5 |  920.2 |
       Dungeon |   4601 |   4461 |    140 |   1054 |   2812 |   5 |  920.2 |
               +--------+--------+--------+--------+--------+-----+--------+

Top non-repeatable levels by time:
     D:1: 1485 daAuts
     D:4: 1402 daAuts
     D:2: 927 daAuts
     D:3: 668 daAuts
     D:5: 118 daAuts
